Map: Backwater LE

Players

TYTY (TY)

  • Race: Terran Terran
  • Spawn Location: 11:00

Rogue - Winner!

  • Race: Zerg Zerg
  • Spawn Location: 5:00

Event: IEM Season 12 - Katowice

VOD

Have the link to the VOD?

Description

Time

  • Played on: March 3, 2018, 2:45 p.m.
  • Length: 7:16

All games in this series

Show
View Real Time Build Order
Export as new Build Order

TYTY Terran 

Build Orders: Reaper Expand 

Get SALT Encoding   

  12  0:00  SCV  
  13  0:12  SCV  
  14  0:17  Supply Depot  
  14  0:24  SCV  
  15  0:39  SCV  
  15  0:41  Barracks  
  16  0:44  Refinery  
  16  0:51  SCV  
  17  1:03  SCV  
  18  1:15  SCV  
  19  1:28  Reaper  
  19  1:29  Orbital Command  
  20  1:39  Command Center  
  20  1:49  Supply Depot  
  20  1:55  SCV  
  20  2:00  Marine  
  22  2:05  Factory  
  22  2:14  Bunker  
  22  2:15  SCV  
  24  2:24  Barracks Tech Lab  
  24  2:27  SCV  
  24  2:35  Refinery  
  24  2:40  SCV  
  25  2:50  Bunker  
  25  2:51  Marine  
  26  2:52  Orbital Command  
  26  2:59  Siege Tank  
  26  3:00  SCV  
  30  3:08  Marine  
  30  3:12  SCV  
  32  3:19  SCV  
  33  3:24  SCV  
  33  3:26  Marine  
  35  3:31  Siege Tank  
  38  3:41  SCV  
  38  3:45  Marine  
  33  3:56  SCV  
  33  4:00  Orbital Command  
  33  4:03  Siege Tank, Bunker, Marine  
  37  4:19  Supply Depot  
  37  4:21  Marine  
  35  4:29  SCV x2  
  36  4:42  Supply Depot  
  37  4:47  Starport  
  37  4:51  Barracks Reactor, SCV x2  
  38  4:59  Command Center  
  38  5:02  Factory Tech Lab  
  38  5:04  SCV x2  
  40  5:19  SCV  
  41  5:24  Barracks  
  41  5:28  Barracks  
  41  5:29  Marine x2, Raven  
  46  5:38  Factory Tech Lab  
  46  5:39  Supply Depot  
  45  5:43  Supply Depot  
  45  5:46  Marine  
  46  6:01  Siege Tank, Marine  
  46  6:03  Orbital Command  
  50  6:04  Marine  
  50  6:05  SCV x2  
  50  6:11  Orbital Command  
  53  6:18  Marine  
  53  6:22  Marine x3  
  56  6:36  Marine  
  56  6:37  Siege Tank  
  56  6:39  Starport Reactor  
  60  6:40  Marine x2  
  60  6:43  Marine  
  63  6:54  Marine  
  63  6:58  Marine x2  
Show
View Real Time Build Order
Export as new Build Order

Rogue Zerg - Winner!

Build Orders: Hatch First, Ravager All-In 

Get SALT Encoding   

  12  0:01  Drone  
  13  0:12  Overlord  
  13  0:16  Drone  
  14  0:31  Drone x2  
  16  0:50  Hatchery  
  16  0:53  Drone  
  16  0:57  Drone  
  17  1:12  Spawning Pool  
  17  1:13  Drone  
  17  1:17  Drone  
  18  1:20  Drone  
  18  1:24  Extractor  
  18  1:28  Drone  
  18  1:32  Extractor  
  18  1:39  Drone  
  19  1:57  Overlord  
  19  2:02  Queen, Roach Warren, Zergling x2  
  21  2:20  Drone  
  21  2:21  Drone  
  21  2:22  Overlord  
  23  2:38  Queen  
  23  2:43  Roach x2  
  29  2:49  Roach  
  31  2:54  Drone  
  31  2:56  Drone  
  33  3:02  Roach  
  33  3:04  Ravager  
  36  3:06  Ravager  
  36  3:10  Roach  
  39  3:17  Ravager  
  40  3:20  Overlord  
  40  3:22  Zergling x2  
  41  3:28  Ravager  
  41  3:30  Roach  
  44  3:40  Zergling x4  
  44  3:51  Roach x3  
  49  3:57  Ravager x2  
  51  4:05  Overlord  
  48  4:29  Drone x2  
  48  4:30  Drone  
  45  4:31  Queen  
  47  4:45  Hatchery  
  46  4:49  Drone  
  47  4:55  Drone x2  
  49  5:04  Drone  
  51  5:07  Ravager x3  
  51  5:11  Overlord  
  53  5:17  Drone  
  54  5:22  Metabolic Boost  
  54  5:23  Drone x2  
  54  5:25  Drone  
  57  5:37  Overlord  
  57  5:47  Roach x4  
  57  5:48  Roach  
  67  5:52  Overlord  
  67  6:00  Drone  
  67  6:03  Roach x2  
  72  6:15  Zergling x2  
  72  6:16  Zergling x12  
  79  6:22  Overlord  
  79  6:28  Zergling x8  
  83  6:33  Zergling x4  
  83  6:36  Ravager x4  
  83  6:37  Ravager  
  90  6:41  Overlord  
  90  6:45  Zergling x2  
  90  6:46  Zergling x2  
  91  6:49  Zergling x2  
  91  6:52  Overlord  
  80  7:14  Ravager x2  

Tags
 
Add a new tag
Caveats
  • Supply blocks, unpowered buildings, or Contaminate may cause inaccurate times.
  • Supply counts are checked every 10 seconds.